 Dungeon Crawl Stone Soup version 0.29-a0-322-g68df515428 (webtiles) character file.

Game seed: 7498827188167260861

65 YayAnonymity the Slasher (level 3, -4/29 HPs)
             Began as a Draconian Gladiator on Apr 6, 2022.
             Slain by Natasha (10 damage)
             ... on level 2 of the Dungeon.
             The game lasted 00:01:25 (1493 turns).

YayAnonymity the Slasher (Draconian Gladiator)      Turns: 1493, Time: 00:01:25

Health: -4/29      AC:  5    Str: 16    XL:     3   Next: 94%
Magic:  3/3        EV: 13    Int:  8    God:
Gold:   19         SH:  0    Dex: 14    Spells: 2/2 levels left

rFire   . . .      SeeInvis .   a - +0 long sword
rCold   . . .      Faith    .   (no shield)
rNeg    . . .      Spirit   .   (body armour unavailable)
rPois   .          Reflect  .   b - +0 hat
rElec   .          Harm     .   (no cloak)
rCorr   .          Rampage  .   (no gloves)
Will    .....                   (no boots)
Stlth   +.........              (no amulet)
HPRegen 0.09/turn               (no ring)
MPRegen 0.08/turn               (no ring)

@: no status effects
A: AC +5, unfitting armour, cold-blooded
a: no special abilities


You were on level 2 of the Dungeon.
You visited 1 branch of the dungeon, and saw 2 of its levels.

You collected 19 gold pieces.

Inventory:

Hand Weapons
 a - a +0 long sword (weapon)
Missiles
 c - 2 throwing nets (quivered)
 d - 8 javelins
Armour
 b - a +0 hat (worn)
Jewellery
 k - a ring of protection from fire
Scrolls
 m - a scroll of summoning {unknown}
 n - a scroll of fear {unknown}
Potions
 e - 3 potions of flight {unknown}
 f - 4 potions of lignification {unknown}
 g - a potion of curing {unknown}
 h - a potion of magic {unknown}
 i - a potion of degeneration {unknown}
 j - 2 potions of cancellation {unknown}
 l - 2 potions of haste {unknown}


   Skills:
 - Level 2.1 Fighting
 * Level 4.3 Long Blades
 - Level 1.7 Throwing
 + Level 3.3 Dodging


You had 2 spell levels left.
You didn't know any spells.
Your spell library was empty.

Dungeon Overview and Level Annotations

Branches:
Dungeon (2/15)

Altars:

Annotations:
D:2 Natasha


Innate Abilities, Weirdness & Mutations

Your plain brown scales are hard. (AC +5)
You cannot fit into any form of body armour.
You are cold-blooded and may be slowed by cold attacks.


Message History

You slash the gnoll!
The gnoll is almost dead.
An adder comes into view.
The gnoll struggles against the net.
The adder hisses angrily.
You hit the gnoll.
You kill the gnoll!
You slash the gnoll!
The gnoll is heavily wounded.
The gnoll barely misses you.
Natasha drinks a potion.
Natasha seems to grow stronger.
You hit the gnoll. You tail-slap the gnoll.
You kill the gnoll!
Natasha mumbles some strange words.
You hit the white imp but do no damage. The white imp barely misses you.
You hit the white imp.
The white imp is moderately wounded.
The shadow imp disappears in a puff of smoke!
Natasha mumbles some strange words.
The white imp gestures at you. The puff of frost misses you.
You hit the white imp.
The white imp is almost dead.
The white imp closely misses you.
You slash the white imp!
You kill the white imp!
The white imp disappears in a puff of smoke!
Natasha barely misses you.
You barely miss Natasha. Natasha claws you!
You closely miss Natasha. Natasha completely misses you.
You closely miss Natasha. Natasha claws you!
* * * LOW HITPOINT WARNING * * *
You hit Natasha.
Natasha is moderately wounded.
Natasha misses you. Natasha claws you.
* * * LOW HITPOINT WARNING * * *
You closely miss Natasha.
Natasha is moderately wounded.
The iron imp disappears in a puff of smoke!
Natasha claws you!
You die...

##.#.. ##....# .....#
######....###.$
#......S......# #.# #5#
#h# #######@## #......<.#
#.#####..# ##########.#
###..####
.........#.###.......#
.###..............##.#
.###.###.#.###.#..##.#
.........#.###....##.#####
####.....................#


You could see Natasha (strong), an adder and a white imp (summoned).

Vanquished Creatures
  3 gnolls (D:2)
  An adder (D:2)
  A worm (D:2)
  An endoplasm (D:1)
  A giant cockroach (D:1)
  A goblin (D:1)
  A hobgoblin (D:2)
  6 jackals
  2 quokkas (D:1)
  A ball python (D:1)
  3 bats (D:1)
  2 kobolds (D:1)
  3 rats
26 creatures vanquished.

Notes
Turn   | Place    | Note
-------+----------+-------------------------------------------
     0 | D:1      | YayAnonymity the Draconian Gladiator began the quest for
                  | the Orb.
     0 | D:1      | Reached XP level 1. HP: 17/17 MP: 1/1
   443 | D:1      | Reached XP level 2. HP: 21/24 MP: 2/2
  1091 | D:2      | Reached XP level 3. HP: 16/29 MP: 3/3
  1278 | D:2      | Reached skill level 4 in Long Blades
  1284 | D:2      | Noticed Natasha
  1493 | D:2      | Slain by Natasha

Illustrated notes

Levels and vault maps discovered:
D:1:      heliophobic_arrival_ceremonial_halls, layout_loops_cross,
          minmay_pentomino_r4
D:2:      layout_loops_corners, uniq_natasha

Skill      XL: |  1  2  3 |
---------------+----------+-----
Dodging        | 3 |  3.3
Long Blades    | 4 |  4.3
Fighting       | |  2.1
Throwing       | |  1.7

Action                   || total
-------------------------++-------
Melee: Long sword        ||    89
       Tailslap          ||    11
       Punch             ||     1
Throw: Throwing net      ||     1
 Stab: Sleeping          ||     3
       Held in net/web   ||     1
Armor: Skin              ||    21
Dodge: Dodged            ||    73

Table legend: (Time is in decaauts)
 A = Elapsed time spent in this place.
 B = Non-inter-level travel time spent in this place.
 C = Inter-level travel time spent in this place.
 D = Time resting spent in this place.
 E = Time spent auto-exploring this place.
 F = Levels seen in this place.
 G = Mean time per level.
                   A        B        C        D        E       F      G
               +--------+--------+--------+--------+--------+-----+--------+
         Total |   1515 |   1426 |     89 |    184 |   1025 |   2 |  757.5 |
       Dungeon |   1515 |   1426 |     89 |    184 |   1025 |   2 |  757.5 |
               +--------+--------+--------+--------+--------+-----+--------+

Top non-repeatable levels by time:
     D:1: 1093 daAuts
     D:2: 422 daAuts
